 Dungeon Crawl Stone Soup version 0.22.1-1-ga44c0e5 (webtiles) character file.

72436 harcile the Peltast (level 15, -6/201 HPs)
             Began as a Hill Orc Fighter on Oct 29, 2018.
             Was the Champion of Qazlal.
             Mangled by an entropy weaver (9 damage)
             ... on level 1 of the Spider Nest.
             The game lasted 01:42:32 (21922 turns).

harcile the Peltast (Hill Orc Fighter)             Turns: 21922, Time: 01:42:33

Health: -6/201     AC: -3    Str: 35    XL:     15   Next: 40%
Magic:  31/31      EV:  8    Int: 10    God:    Qazlal [******]
Gold:   2115       SH: 37    Dex: 24    Spells: 12/14 levels left

rFire    x . .     SeeInvis .   b - +3 falchion "Coizonot" {vamp, rPois MP+9 Str+5}
rCold    + . .     Gourm    .   c - +2 large shield
rNeg     . . .     Faith    .   S - +3 chain mail {rPois}
rPois    +         Spirit   .   m - +1 helmet
rElec    .         Reflect  +   D - +2 cloak {+Inv}
rCorr    .         Harm     .   K - +0 pair of gloves
MR       +....                  Y - +2 pair of boots {Fly}
Stlth    ..........             V - amulet of Lugonu's Condemnation {Reflect Dex+9 SH+2}
HPRegen  0.43/turn              O - +4 ring of dexterity
MPRegen  0.22/turn              M - ring "Tokh" {Ice rPois Int+2}

@: berserking, protected from physical damage, corroded, flying, repel missiles,
very quick
A: no striking features
a: Upheaval, Elemental Force, Disaster Area, Renounce Religion, Evoke
Invisibility, Stop Flying


You were on level 1 of the Spider Nest.
You worshipped Qazlal.
Qazlal was exalted by your worship.
You were not hungry.

You visited 5 branches of the dungeon, and saw 22 of its levels.
You also visited: Labyrinth, Ossuary and Bailey.

You collected 2975 gold pieces.
You spent 860 gold pieces at shops.

Inventory:

Hand Weapons
 a - a +2 long sword of slicing
 b - the +3 falchion "Coizonot" (weapon) {vamp, rPois MP+9 Str+5}
   (You bought it in a shop on level 5 of the Dungeon)

   It inflicts no extra harm, but heals its wielder when it wounds a living foe.
   It affects your strength (+5).
   It protects you from poison.
   It affects your magic capacity (+9).
 y - the +3 spear of a Million Stars {holy, rElec SInv}
   (You found it on level 1 of the Orcish Mines)

   It has been blessed by the Shining One to cause great damage to the undead
   and demons.
   It insulates you from electricity.
   It lets you see invisible.
 C - a +1 demon trident of flaming
Missiles
 k - a throwing net (quivered)
Armour
 c - a +2 large shield (worn)
 l - a +3 scale mail of cold resistance
 m - a +1 helmet (worn)
 D - a +2 cloak of invisibility (worn)
 F - +0 acid dragon scales
 K - a +0 pair of gloves (worn)
 S - a +3 chain mail of poison resistance (worn)
 Y - a +2 pair of boots of flying (worn)
 Z - a scarf of resistance
Jewellery
 v - an uncursed ring of see invisible
 H - an uncursed amulet of regeneration
 M - the ring "Tokh" (right hand) {Ice rPois Int+2}
   (You found it on level 6 of the Lair of Beasts)

   [ring of ice]

   It enhances your ice magic.
   It affects your intelligence (+2).
   It makes you vulnerable to fire.
   It protects you from cold.
   It protects you from poison.
 O - a +4 ring of dexterity (left hand)
 V - the amulet of Lugonu's Condemnation (around neck) {Reflect Dex+9 SH+2}
   (You found it on level 9 of the Dungeon)

   [amulet of reflection]

   It shields you and reflects attacks.
   It affects your dexterity (+9).
   It affects your SH (+2).
 W - a +2 ring of protection
Wands
 e - a wand of flame (77)
 o - a wand of paralysis (28)
 s - a wand of acid (14)
 N - a wand of disintegration (7)
 T - a wand of scattershot (7)
 U - a wand of iceblast (5)
 X - a wand of digging (18)
Scrolls
 g - 6 scrolls of teleportation
 n - 3 scrolls of fog
 r - 7 scrolls of enchant weapon
 w - 7 scrolls of remove curse
 G - 4 scrolls of amnesia
 I - 2 scrolls of fear
 L - 9 scrolls of enchant armour
 P - 2 scrolls of identify
 Q - 2 scrolls of blinking
 R - 4 scrolls of random uselessness {unknown}
Potions
 d - 3 potions of might
 h - 4 potions of flight
 i - 3 potions of berserk rage
 j - 2 potions of mutation
 p - 3 potions of brilliance
 t - a potion of invisibility
 u - 11 potions of curing
 x - 3 potions of cancellation
 z - a potion of magic
 A - 4 potions of haste
 B - 2 potions of resistance
 E - 2 potions of heal wounds
 J - a potion of agility
Comestibles
 f - 16 rations


   Skills:
 + Level 12.4 Fighting
 + Level 14.5 Long Blades
 + Level 11.0 Armour
 - Level 1.0 Dodging
 + Level 17.8 Shields
 - Level 10.0 Invocations
 + Level 1.1 Evocations


You had 12 spell levels left.
You knew the following spells:

 Your Spells              Type           Power        Failure   Level  Hunger
a - Song of Slaying       Chrm           #.......     99%         2    ###....

Your spell library contained the following spells:

 Spells                   Type           Power        Failure   Level  Hunger
 Infusion                 Chrm           #...         97%         1    ##.....
 Magic Dart               Conj           #...         97%         1    ##.....
 Blink                    Tloc           N/A          99%         2    ###....
 Call Imp                 Summ           #.......     99%         2    ###....
 Shroud of Golubria       Chrm/Tloc      #.........   99%         2    ###....
 Slow                     Hex            #.......     99%         2    ###....
 Conjure Flame            Conj/Fire      #.......     100%        3    ####...
 Mephitic Cloud           Conj/Pois/Air  #.......     100%        3    ####...
 Regeneration             Chrm/Necr      #.........   100%        3    ####...
 Spectral Weapon          Hex/Chrm       #.......     100%        3    ####...
 Cause Fear               Hex            #.........   100%        4    #####..
 Bolt of Magma            Conj/Fire/Erth #.........   100%        5    ######.
 Iskenderun's Battlesphe  Conj/Chrm      #.......     100%        5    ######.
 Silence                  Hex/Air        #.........   100%        5    ######.
 Venom Bolt               Conj/Pois      #.........   100%        5    ######.
 Yara's Violent Unravell  Hex/Tmut       #.........   100%        5    ######.
 Deflect Missiles         Chrm/Air       #.........   100%        6    #######
 Iron Shot                Conj/Erth      #.........   100%        6    #######
 Orb of Destruction       Conj           #.........   100%        7    #######
 Spellforged Servitor     Conj/Summ      #.........   100%        7    #######
 Discord                  Hex            #.........   100%        8    #######


Dungeon Overview and Level Annotations

Branches:
Dungeon (12/15)            Temple (0/1) D:5            Lair (6/6) D:11
  Swamp (1/4) Lair:2       Spider (1/4) Lair:2        Slime (0/5) Lair:6
    Orc (2/2) D:12            Elf (0/3) Orc:2

Altars:
Elyvilon
Fedhas
Gozag
Hepliaklqana
Nemelex Xobeh
Okawaru
Qazlal
Sif Muna
Trog
Yredelemnul
Zin
Beogh
Jiyva

Shops:
D:4 :}:!:   D:5 (   D:6 *   Orc:2 (*([


Message History

* * * LOW HITPOINT WARNING * * *
You feel more protected from physical attacks.
The redback bites you.
* * * LOW HITPOINT WARNING * * *
You barely miss the entropy weaver.
The entropy weaver is lightly wounded.
You block the redback's attack.
You are too berserk!
You hit the demonic crawler but do no damage.
The demonic crawler is lightly wounded.
The demonic crawler barely misses you.
You riposte.
You slash the demonic crawler!
The demonic crawler is moderately wounded.
You block the demonic crawler's attack. x2
The redback is engulfed in freezing vapours.
You block the redback's attack. The entropy weaver hits you!
* * * LOW HITPOINT WARNING * * *
The entropy weaver completely misses you.
The entropy weaver hits you!
You die...

### ##... #...
##...
.....#...#####
..##......##.#
......a......###
...###..#......#
####......###
#.....s.#s##
####...§a@.#
###..ss## ##...#
###...# ......#
##...## ..## ...
...#


You could see an entropy weaver, a demonic crawler, an orb spider and 2
redbacks.

Vanquished Creatures
  Rupert (Lair:6)
  Gastronok (Lair:3)
  An orc warlord (Orc:2)
  The ghost of SkarinSkye the Basher, a journeyman GrBe of Trog (Lair:6)
  An entropy weaver (Spider:1)
  A minotaur (Lab)
  A fire dragon (Lair:6)
  Josephine (Orc:1)
  7 hydras
  10 death yaks
  2 death knights (D:11)
  3 two-headed ogres
  An orc high priest (Orc:2)
  Sonja (Lair:1)
  Nergalle (Lair:4)
  A skeletal warrior (D:11)
  A fire crab (Lair:3)
  The ghost of llanowor the Slasher, a novice HuFi of Gozag (D:6)
  An unseen horror (D:10)
  A swamp dragon (Lair:6)
  3 orc knights (Orc:2)
  3 wolf spiders
  An ugly thing (D:12)
  4 orc sorcerers
  A cyclops (D:11)
  A guardian serpent (Lair:6)
  The ghost of Terandir the Slasher, a novice MiFi of Cheibriados (D:7)
  6 black mambas
  13 spiny frogs
  6 rime drakes
  A freezing wraith (D:11)
  5 komodo dragons
  5 jumping spiders
  2 tyrant leeches (Lair:2)
  Prince Ribbit (Lair:3)
  4 trolls
  4 hornets
  4 blink frogs (Lair:3)
  11 hippogriffs
  8 redbacks
  A tarantella (Lair:2)
  2 shadows (Lab)
  15 wyverns
  9 wraiths
  2 basilisks
  33 yaks
  2 hungry ghosts
  16 water moccasins
  The ghost of PinHead the Conjurer, an amateur OpCj (D:3)
  3 swamp worms (Lair:2)
  2 wargs (Orc:1)
  3 acid dragons (Lair:6)
  2 swamp drakes
  8 porcupines
  3 black bears
  26 orc warriors
  2 sky beasts
  A hornet zombie (D:8)
  2 phantoms (D:9)
  2 ice beasts
  An eye of draining (D:12)
  12 ogres
  6 wolves
  4 centaurs
  11 crocodiles
  4 big kobolds
  18 bullfrogs
  2 gnoll sergeants
  5 water moccasin zombies (Ossuary)
  A scorpion (D:5)
  8 wights
  3 jellies
  A howler monkey (D:5)
  7 crimson imps
  2 bullfrog zombies
  A centaur zombie (D:8)
  3 quasits
  2 hounds (D:7)
  15 orc priests
  5 iguanas
  5 bullfrog skeletons
  16 orc wizards
  Ijyb (D:5)
  4 worker ants
  8 big kobold zombies (Ossuary)
  2 hound zombies (D:6)
  2 mummies (Ossuary)
  2 worker ant zombies
  A howler monkey zombie (D:7)
  Robin (D:2)
  35 gnolls
  9 adders
  A shadow imp (D:6)
  2 worker ant simulacra (D:3)
  An ooze (D:5)
  7 adder zombies
  An adder skeleton (D:9)
  3 worms
  An adder simulacrum (D:3)
  2 dart slugs
  5 leopard geckos
  93 orcs
  3 ball pythons
  9 giant cockroaches
  A gnoll zombie (Ossuary)
  19 goblins
  5 hobgoblins
  34 jackals
  23 kobolds
  A quokka (D:6)
  10 bats
  5 frilled lizards
  A giant cockroach simulacrum (D:3)
  5 hobgoblin zombies (Ossuary)
  6 kobold zombies (Ossuary)
  A leopard gecko zombie (D:5)
  4 orc zombies (Ossuary)
  3 quokka skeletons
  5 rats
  A fungus (D:5)
  2 plants (Lair:6)
708 creatures vanquished.

Vanquished Creatures (others)
  An orc warrior (Orc:2)
  An orc wizard (Orc:1)
  3 orcs
  A kobold (D:10)
  17 fungi
  33 plants
56 creatures vanquished.

Grand Total: 764 creatures vanquished

Notes
Turn   | Place    | Note
-------+----------+-------------------------------------------
     0 | D:1      | harcile the Hill Orc Fighter began the quest for the Orb.
     0 | D:1      | Reached XP level 1. HP: 19/19 MP: 1/1
   208 | D:1      | Reached XP level 2. HP: 27/27 MP: 2/2
   571 | D:2      | Reached XP level 3. HP: 24/33 MP: 3/3
   841 | D:2      | Found a transporter.
   845 | D:2      | Noticed Robin
   846 | D:2      | Found a transporter.
   868 | D:2      | Reached XP level 4. HP: 35/40 MP: 4/4
   910 | D:2      | Killed Robin
   934 | D:2      | Found a basalt altar of Yredelemnul.
  1144 | D:2      | Reached skill level 4 in Shields
  1341 | D:2      | Found a stormy altar of Qazlal.
  1347 | D:2      | Noticed an air elemental
  1348 | D:2      | Noticed a water elemental
  1348 | D:2      | Noticed an earth elemental
  1348 | D:2      | Noticed a fire elemental
  1368 | D:2      | Became a worshipper of Qazlal Stormbringer
  1388 | D:3      | Found a hazy altar of Hepliaklqana.
  1409 | D:3      | Found a white marble altar of Elyvilon.
  1593 | D:3      | Reached XP level 5. HP: 47/47 MP: 5/5
  1651 | D:3      | Found a runed gate.
  1652 | D:3      | Found a runed gate.
  1656 | D:3      | Found a runed gate.
  1778 | D:3      | Noticed PinHead's ghost (amateur OpCj)
  1899 | D:3      | Reached skill level 1 in Dodging
  2192 | D:3      | Reached * piety under Qazlal
  2499 | D:4      | Found Seapneyr's Book Shop.
  2571 | D:4      | Reached XP level 6. HP: 24/53 MP: 6/6
  2579 | D:4      | Found a blossoming altar of Fedhas.
  2590 | D:4      | Found Xouneluyj's Book Boutique.
  2674 | D:4      | Found Hishyara's Book Shoppe.
  2680 | D:4      | Found Urytha's Gadget Shoppe.
  2705 | D:4      | Found Joittoeng's Distillery.
  2766 | D:4      | Found a sand-covered staircase.
  2773 | Ossuary  | Entered an ossuary
  2880 | Ossuary  | Reached skill level 5 in Long Blades
  2905 | Ossuary  | Reached skill level 5 in Shields
  2905 | Ossuary  | Reached XP level 7. HP: 57/60 MP: 7/7
  2913 | Ossuary  | Reached ** piety under Qazlal
  2913 | Ossuary  | Reached skill level 5 in Fighting
  3141 | D:4      | Found a bloodstained altar of Trog.
  3193 | D:4      | Bought 2 potions of heal wounds for 120 gold pieces
  3193 | D:4      | Bought a potion of heal wounds for 60 gold pieces
  3193 | D:4      | Bought a potion of curing for 36 gold pieces
  3260 | D:4      | Found a sparkling altar of Nemelex Xobeh.
  3329 | D:5      | Entered Level 5 of the Dungeon
  3377 | D:5      | Noticed Ijyb
  3378 | D:5      | Found Wyoquock's Antique Weapon Emporium.
  3390 | D:5      | Killed Ijyb
  3433 | D:5      | Reached XP level 8. HP: 68/68 MP: 8/8
  3588 | D:5      | Reached *** piety under Qazlal
  3612 | D:5      | Reached skill level 5 in Armour
  3628 | D:5      | Reached skill level 6 in Shields
  4054 | D:5      | Reached **** piety under Qazlal
  4352 | D:5      | Found a staircase to the Ecumenical Temple.
  4415 | D:5      | Found an opulent altar of Gozag.
  4721 | D:6      | Reached skill level 7 in Shields
  4763 | D:6      | Reached XP level 9. HP: 68/75 MP: 9/9
  4910 | D:6      | Found a runed door.
  4911 | D:6      | Noticed llanowor's ghost (novice HuFi)
  5102 | D:3      | Killed PinHead's ghost
  5220 | D:5      | Bought a dazzling falchion for 240 gold pieces
  5224 | D:5      | Identified the cursed +3 falchion "Coizonot" {vamp, rPois
                  | MP+9 Str+5} (You bought it in a shop on level 5 of the
                  | Dungeon)
  5329 | D:6      | Found a roughly hewn altar of Beogh.
  5332 | D:6      | Found Jitafo's Blasphemy Boutique.
  5484 | D:6      | Found an iron altar of Okawaru.
  5488 | D:6      | Found a deep blue altar of Sif Muna.
  5551 | D:6      | Found an opulent altar of Gozag.
  5551 | D:6      | Found a glowing silver altar of Zin.
  5852 | D:6      | Reached skill level 8 in Shields
  5899 | D:6      | Killed llanowor's ghost
  6042 | D:7      | Found a runed door.
  6043 | D:7      | Noticed Terandir's ghost (novice MiFi)
  6293 | D:7      | Reached XP level 10. HP: 86/86 MP: 10/10
  6367 | D:7      | Got a scorched leather armour
  6378 | D:7      | Identified the cursed +0 leather armour "Toanucol" {rPois
                  | MR- Dex+4} (You found it on level 7 of the Dungeon)
  6859 | D:7      | Killed Terandir's ghost
  6859 | D:7      | Reached skill level 10 in Long Blades
  6859 | D:7      | Reached skill level 9 in Shields
  7233 | D:8      | Reached ***** piety under Qazlal
  7235 | D:8      | Found the +2 hat of the Bear Spirit {Spirit, +Rage rN+
                  | MR++}
  7260 | D:8      | Found a deep blue altar of Sif Muna.
  7868 | D:9      | Noticed a two-headed ogre
  7877 | D:9      | Killed a two-headed ogre
  7989 | D:9      | Reached skill level 10 in Shields
  8196 | D:9      | Noticed a two-headed ogre
  8222 | D:9      | Killed a two-headed ogre
  8363 | D:9      | Reached XP level 11. HP: 87/95 MP: 11/11
  8426 | D:9      | Got a clouded steel amulet
  8428 | D:9      | Identified the amulet of Lugonu's Condemnation {Reflect
                  | Dex+9 SH+2} (You found it on level 9 of the Dungeon)
  8584 | D:10     | Entered Level 10 of the Dungeon
  8608 | D:10     | Reached skill level 11 in Shields
  8853 | D:10     | Noticed an unseen horror
  8862 | D:10     | Killed an unseen horror
  9149 | D:11     | Noticed a cyclops
  9162 | D:11     | Killed a cyclops
  9179 | D:11     | Noticed a death knight
  9194 | D:11     | Noticed a death knight
  9219 | D:11     | Killed a death knight
  9225 | D:11     | Killed a death knight
  9619 | D:11     | Got an ancient trident
  9629 | D:11     | Identified the cursed +1 trident of the Endless Expanse
                  | {venom, +Blink +Rage MP+9 Dex-2} (You found it on level 11
                  | of the Dungeon)
  9665 | D:11     | Found a staircase to the Lair.
  9952 | D:11     | Noticed a skeletal warrior
  9994 | D:11     | Killed a skeletal warrior
  9994 | D:11     | Reached skill level 12 in Shields
 10231 | Lair:1   | Entered Level 1 of the Lair of Beasts
 10371 | Lair:1   | Reached XP level 12. HP: 101/105 MP: 12/12
 10391 | Lair:1   | Noticed Sonja
 10400 | Lair:1   | Killed Sonja
 10404 | Lair:1   | Noticed a six-headed hydra
 10727 | Lair:1   | Killed a six-headed hydra
 10903 | Lair:1   | Reached skill level 13 in Shields
 11108 | Lair:2   | Reached skill level 10 in Fighting
 11124 | Lair:2   | Reached skill level 1 in Invocations
 11824 | Lair:2   | Found a staircase to the Swamp.
 11830 | Swamp:1  | Entered Level 1 of the Swamp
 11830 | Swamp:1  | Noticed a six-headed hydra
 11832 | Swamp:1  | Noticed an alligator
 11834 | Swamp:1  | Noticed a four-headed hydra
 11876 | Lair:2   | Killed a six-headed hydra
 11926 | Lair:2   | Found a hole to the Spider Nest.
 12663 | D:12     | Found a staircase to the Orcish Mines.
 12704 | D:12     | Reached ****** piety under Qazlal
 12860 | D:12     | Reached XP level 13. HP: 114/114 MP: 16/16
 13202 | D:12     | Reached skill level 14 in Shields
 13559 | Orc:1    | Entered Level 1 of the Orcish Mines
 13570 | Orc:2    | Entered Level 2 of the Orcish Mines
 13583 | Orc:1    | Reached skill level 5 in Invocations
 13586 | Orc:1    | Noticed Josephine
 13609 | Orc:1    | Found a flagged portal.
 13651 | Orc:1    | Killed Josephine
 13691 | Orc:1    | Got an ancient spear
 13695 | Bailey   | Entered a bailey
 14825 | Orc:2    | Found a roughly hewn altar of Beogh.
 14832 | Orc:2    | Found Guyr's Weapon Shop.
 15133 | Orc:2    | Noticed an orc warlord
 15234 | Orc:2    | Killed an orc warlord
 15322 | Orc:2    | Found Ypletea's Antique Armour Emporium.
 15343 | Orc:2    | Found a roughly hewn altar of Beogh.
 15343 | Orc:2    | Found Juina's Antique Weapon Shoppe.
 15382 | Orc:2    | Bought a pair of runed boots for 217 gold pieces
 15412 | Orc:2    | Found a staircase to the Elven Halls.
 15457 | Orc:2    | Reached skill level 15 in Shields
 15674 | Orc:2    | Found a roughly hewn altar of Beogh.
 15679 | Orc:2    | Found Miosk's Assorted Antiques.
 15684 | Orc:2    | Bought an embroidered cloak for 187 gold pieces
 16182 | Lair:3   | Reached skill level 10 in Armour
 16335 | Lair:3   | Reached XP level 14. HP: 124/124 MP: 20/20
 16534 | Lair:3   | Noticed Prince Ribbit
 16546 | Lair:3   | Killed Prince Ribbit
 16641 | Lair:3   | Noticed Gastronok
 16661 | Lair:3   | Killed Gastronok
 17094 | Lair:4   | Reached skill level 16 in Shields
 17183 | Lair:4   | Noticed Nergalle
 17195 | Lair:4   | Killed Nergalle
 17485 | Lair:4   | Identified the +3 spear of a Million Stars {holy, rElec
                  | SInv} (You found it on level 1 of the Orcish Mines)
 17858 | Lair:5   | Found a labyrinth entrance.
 17867 | Lab      | Entered a labyrinth
 19118 | Lair:5   | Reached skill level 1 in Evocations
 19769 | Lair:6   | Entered Level 6 of the Lair of Beasts
 20044 | Lair:6   | Reached skill level 10 in Invocations
 20157 | Lair:6   | Found a large runed door.
 20160 | Lair:6   | Found a large runed door.
 20164 | Lair:6   | Noticed SkarinSkye's ghost (journeyman GrBe)
 20255 | Lair:6   | Reached XP level 15. HP: 129/132 MP: 22/22
 20259 | Lair:6   | Reached skill level 17 in Shields
 20289 | Lair:6   | Found a viscous altar of Jiyva.
 20289 | Lair:6   | Found a staircase to the Slime Pits.
 20378 | Lair:6   | Noticed Rupert
 20428 | Lair:6   | Killed Rupert
 20742 | Lair:6   | Got an ancient pewter ring
 20756 | Lair:6   | Identified the ring "Tokh" {Ice rPois Int+2} (You found it
                  | on level 6 of the Lair of Beasts)
 20821 | Lair:6   | Learned a level 2 spell: Song of Slaying
 21445 | Lair:6   | Killed SkarinSkye's ghost
 21797 | Spider:1 | Entered Level 1 of the Spider Nest
 21922 | Spider:1 | HP: 3/201 [entropy weaver (10)]
 21922 | Spider:1 | Mangled by an entropy weaver

Skill      XL: |  1  2  3  4  5  6  7  8  9 10 11 12 13 14 15 |
---------------+----------------------------------------------+-----
Fighting       | 4 5 6 7 8 9 10 11 12 | 12.4
Long Blades    | 3 4 5 6 8 9 11 12 13 14 | 14.5
Armour         | 4 5 6 7 8 9 10 11 | 11.0
Shields        | 4 5 7 8 10 12 13 15 16 17 | 17.8
Dodging        | 1 |  1.0
Invocations    | 4 8 10 | 10.0
Evocations     | 1 |  1.1

Action                   |  1- 3 |  4- 6 |  7- 9 | 10-12 | 13-15 || total
-------------------------+-------+-------+-------+-------+-------++-------
Melee: Long sword        |   124 |   351 |   454 |   135 |       ||  1064
       Falchion          |       |       |   125 |   815 |  1630 ||  2570
Evoke: Wand              |       |       |       |       |    13 ||    13
  Use: Scroll            |       |     7 |    11 |    12 |    10 ||    40
       Potion            |       |       |       |     2 |     9 ||    11
  Eat: Chunk             |       |     7 |     7 |    17 |    25 ||    56
       Ration            |       |       |     3 |     3 |     2 ||     8
Armor: Scale mail        |    65 |    59 |       |       |       ||   124
       Chain mail        |       |   129 |   222 |    97 |   321 ||   769
       Leather armour    |       |       |       |    32 |       ||    32
       Plate armour      |       |       |       |    57 |    80 ||   137
Dodge: Dodged            |    40 |    94 |    78 |   146 |   200 ||   558
       Deflected         |       |       |       |     2 |     8 ||    10
Block: Shield            |    85 |   216 |   432 |   836 |   834 ||  2403
       Reflection        |       |       |       |    14 |    31 ||    45
       Large shield      |       |       |       |       |  1135 ||  1135
       Rpst.: Long sword |    11 |    30 |    27 |     3 |       ||    71
       Falchion          |       |       |     2 |    37 |    29 ||    68
